 Dungeon Crawl Stone Soup version 0.23-a0-333-g006994f (webtiles) character file.

4132 slowcore the Arsonist (level 10, -1/65 HPs)
             Began as a Mummy Fire Elementalist on Oct 17, 2018.
             Was an Elder of Cheibriados.
             Slain by a crimson imp (2 damage)
             ... on level 9 of the Dungeon.
             The game lasted 00:17:18 (9411 turns).

slowcore the Arsonist (Mummy Fire Elementalist)     Turns: 9411, Time: 00:17:19

Health: -1/65      AC:  1    Str: 20    XL:     10   Next: 6%
Magic:  16/18      EV: 12    Int: 27    God:    Cheibriados [****..]
Gold:   384        SH:  0    Dex: 22    Spells: 4/20 levels left

rFire    x . .     SeeInvis .   t - +7 Screaming Sword {slice, sonic wave}
rCold    + . .     Gourm    .   (no shield)
rNeg     + + +     Faith    .   g - +3 leather armour
rPois    ∞         Spirit   .   (no helmet)
rElec    .         Reflect  .   n - +1 cloak {rPois}
rCorr    .         Harm     .   (no gloves)
MR       +....                  h - +0 pair of boots
Stlth    ++........             c - amulet of magic regeneration
HPRegen  0.20/turn              (no ring)
MPRegen  0.41/turn              (no ring)

@: corroded, very slow
A: no food or potions, fire vulnerability, cold resistance 1, negative energy
resistance 3, torment resistance, unbreathing
a: Bend Time, Temporal Distortion, Slouch, Renounce Religion


You were on level 9 of the Dungeon.
You worshipped Cheibriados.
Cheibriados was greatly pleased with you.
You were not hungry.

You visited 2 branches of the dungeon, and saw 10 of its levels.
You also visited: Ossuary.

You collected 420 gold pieces.
You spent 36 gold pieces at shops.

Inventory:

Hand Weapons
 p - the +5 dagger of Disorder {flame, Str+3}
   (You found it on level 4 of the Dungeon)

   It has been specially enchanted to burn those struck by it, causing extra
   injury to most foes and up to half again as much damage against particularly
   susceptible opponents.
   It affects your strength (+3).
 r - a +3 falchion
 t - the +7 Screaming Sword (weapon) {slice, sonic wave}
   (You found it on level 5 of the Dungeon)

   It inflicts extra damage upon your enemies.
Armour
 a - the +1 robe "Raor" {rPois rF- rN++ Regen+}
   (You found it on level 6 of the Dungeon)

   It makes you vulnerable to fire.
   It protects you from poison.
   It greatly protects you from negative energy.
   It increases your rate of regeneration.
 g - a +3 leather armour (worn)
 h - a +0 pair of boots (worn)
 l - a +0 cloak
 n - a +1 cloak of poison resistance (worn)
 u - a +0 leather armour of cold resistance
Jewellery
 c - an amulet of magic regeneration (around neck)
 d - a +2 amulet of reflection {unknown}
 x - a +5 amulet of reflection {unknown}
Wands
 j - a wand of flame (22)
 w - a wand of disintegration (15)
 y - a wand of clouds (8)
Scrolls
 b - 2 scrolls of enchant armour
 e - 4 scrolls of teleportation
 f - a scroll of immolation
 i - 3 scrolls of remove curse
 k - a scroll of magic mapping
 m - a scroll of fog
 o - a scroll of blinking {unknown}
 q - a scroll of amnesia
 s - a scroll of fear
 v - 2 scrolls of identify


   Skills:
 + Level 1.1 Fighting
 * Level 1.3 Long Blades
 - Level 1.5 Dodging
 - Level 1.5 Stealth
 + Level 5.6 Spellcasting
 - Level 7.6 Conjurations
 - Level 8.0 Fire Magic
 + Level 4.5 Invocations


You had 4 spell levels left.
You knew the following spells:

 Your Spells              Type           Power        Failure   Level  Hunger
a - Flame Tongue          Conj/Fire      #####        1%          1    N/A
b - Conjure Flame         Conj/Fire      #####...     1%          3    N/A
c - Sticky Flame          Conj/Fire      #####...     3%          4    N/A
d - Fireball              Conj/Fire      #####.....   9%          5    N/A
e - Mephitic Cloud        Conj/Pois/Air  ###.....     9%          3    N/A

Your spell library contained the following spells:

 Spells                   Type           Power        Failure   Level  Hunger
 Magic Dart               Conj           ####         1%          1    N/A
 Sting                    Conj/Pois      ####         1%          1    N/A
 Searing Ray              Conj           #####.       1%          2    N/A
 Throw Flame              Conj/Fire      #####.       1%          2    N/A
 Iskenderun's Mystic Bla  Conj           #####...     3%          4    N/A
 Dazzling Spray           Conj/Hex       ####..       4%          3    N/A
 Inner Flame              Hex/Fire       ####....     4%          3    N/A
 Poisonous Vapours        Pois/Air       #.....       12%         2    N/A
 Force Lance              Conj/Tloc      ####....     17%         4    N/A
 Fulminant Prism          Conj/Hex       ####......   17%         4    N/A
 Olgreb's Toxic Radiance  Pois           #.......     63%         4    N/A
 Venom Bolt               Conj/Pois      ####......   43%         5    N/A

Dungeon Overview and Level Annotations

Branches:
Dungeon (9/15)             Temple (1/1) D:5            Lair (0/6) D:9
    Orc: D:9-12

Altars:
Ashenzari
Cheibriados
Dithmenos
Elyvilon
Fedhas
Gozag
Hepliaklqana
Kikubaaqudgha
Makhleb
Nemelex Xobeh
Okawaru
Qazlal
Ru
Trog
Uskayaw
Vehumet
Wu Jian
Xom
Yredelemnul
Zin
The Shining One

Shops:
D:4 ?   D:7 %


Innate Abilities, Weirdness & Mutations

You do not eat or drink.
Your flesh is vulnerable to fire.
You are immune to poison.
Your flesh is cold resistant. (rC+)
You are immune to negative energy. (rN+++)
You are immune to unholy pain and torment.
You can survive without breathing.


Message History

The crimson imp picks up a beetle and eats it.
The crimson imp blinks!
The brown ugly thing kicks you. The acid corrodes you!
You are splashed with acid!
The acid burns!
Unknown command.
You slash the brown ugly thing!
The brown ugly thing is moderately wounded.
The brown ugly thing burns!
The brown ugly thing kicks you!
* * * LOW HITPOINT WARNING * * *
You are splashed with acid!
The acid burns!
* * * LOW HITPOINT WARNING * * *
The crimson imp barely misses you.
You riposte.
You hit the crimson imp.
The crimson imp is lightly wounded.
Okay, then.
You fail to use your ability.
The brown ugly thing burns!
The brown ugly thing kicks you.
* * * LOW HITPOINT WARNING * * *
You are splashed with acid!
The acid burns!
* * * LOW HITPOINT WARNING * * *
The crimson imp hits you.
You die...

#.# .# #.# #.# .. #.##..###.#
######### #.#..##...
#.......######...##...
#.......#.......##..#
##.......#.#####(#..######
.........#.#####5#{a#..... #Z
................@ua#...!.. .u#
.................#..# ..#
..###†...).......#..#######..#
..# #...)<.......##..#.#.#..#
.## #.............##..†....#
.#######........#. ##.....##
................## ###.###
###.####..>...### #.....#
#.....##.##.#.#### #.....#


You could see a brown ugly thing (burning), 2 worker ants and a crimson imp.

Vanquished Creatures
  Grinder (D:6)
  Eustachio (D:6)
  Edmund (D:5)
  A black bear (D:7)
  An orc warrior (D:6)
  3 phantoms
  2 sky beasts
  2 necrophages (D:8)
  2 centaurs
  2 bullfrogs
  7 scorpions
  7 killer bees (D:8)
  5 howler monkeys
  7 wights
  A crimson imp (D:6)
  2 quasits
  3 hounds
  7 orc wizards
  3 bullfrog zombies
  2 centaur skeletons
  2 orc priests
  3 bullfrog skeletons
  Crazy Yiuf (D:6)
  A gnoll shaman (D:7)
  2 iguanas (D:8)
  10 worker ants
  A hound zombie (D:5)
  2 mummies (D:8)
  2 worker ant zombies
  7 gnolls
  19 adders
  2 shadow imps
  An adder zombie (D:8)
  A dart slug (D:1)
  6 worms
  4 leopard geckos
  22 orcs
  7 giant cockroaches
  10 goblins
  5 hobgoblins
  3 jackals (D:5)
  6 kobolds
  A quokka (D:8)
  2 ball pythons
  14 bats
  5 frilled lizards
  3 gnoll skeletons (Ossuary)
  A kobold skeleton (Ossuary)
  2 leopard gecko skeletons (D:7)
  An orc skeleton (Ossuary)
  A quokka zombie (D:7)
  8 rats
215 creatures vanquished.

Notes
Turn   | Place    | Note
-------+----------+-------------------------------------------
     0 | D:1      | slowcore the Mummy Fire Elementalist began the quest for
                  | the Orb.
     0 | D:1      | Reached XP level 1. HP: 13/13 MP: 4/4
    68 | D:1      | Reached skill level 1 in Conjurations
   151 | D:1      | Reached XP level 2. HP: 19/19 MP: 3/5
   809 | D:1      | Reached XP level 3. HP: 24/24 MP: 5/7
  1236 | D:2      | Reached skill level 3 in Fire Magic
  1261 | D:2      | Learned a level 3 spell: Conjure Flame
  1330 | D:2      | Found a blossoming altar of Fedhas.
  1680 | D:2      | Reached XP level 4. HP: 30/30 MP: 3/9
  2634 | D:3      | Reached XP level 5. HP: 35/35 MP: 10/10
  3167 | D:4      | Reached skill level 4 in Fire Magic
  3167 | D:4      | Reached XP level 6. HP: 29/41 MP: 6/12
  3231 | D:4      | Found Riove's Magic Scroll Shoppe.
  3258 | D:4      | Got a steaming dagger
  3259 | D:4      | Identified the +5 dagger of Disorder {flame, Str+3} (You
                  | found it on level 4 of the Dungeon)
  3373 | D:4      | Found a sand-covered staircase.
  3378 | Ossuary  | Entered an ossuary
  3378 | Ossuary  | Noticed a wraith
  3378 | Ossuary  | Noticed a wraith
  3378 | Ossuary  | Noticed a wraith
  3600 | D:4      | Learned a level 4 spell: Sticky Flame
  3688 | D:4      | Bought a scroll of teleportation for 36 gold pieces
  3836 | D:5      | Entered Level 5 of the Dungeon
  3922 | D:5      | Noticed Edmund
  3933 | D:5      | Killed Edmund
  3933 | D:5      | Reached XP level 7. HP: 46/46 MP: 8/14
  4001 | D:5      | Found a white marble altar of Elyvilon.
  4167 | D:5      | Reached skill level 5 in Spellcasting
  4297 | D:5      | Reached skill level 5 in Fire Magic
  4624 | D:5      | Found a staircase to the Ecumenical Temple.
  4849 | Temple   | Entered the Ecumenical Temple
  5093 | Temple   | Became a worshipper of Cheibriados the Contemplative
  5190 | D:5      | You fall through a shaft!
  5214 | D:6      | Got a warped hand axe
  5215 | D:6      | Identified the cursed +1 hand axe of the Assorted Spirits
                  | {drain, Str-5 Dex+2 Stlth+} (You found it on level 6 of the
                  | Dungeon)
  5549 | D:5      | Reached XP level 8. HP: 39/52 MP: 11/16
  5553 | D:5      | Reached skill level 5 in Conjurations
  5553 | D:5      | Reached skill level 1 in Invocations
  5660 | D:5      | Found the +7 Singing Sword {slice, sonic wave}
  5786 | D:6      | Learned a level 5 spell: Fireball
  5834 | D:6      | Reached * piety under Cheibriados
  5845 | D:6      | Noticed Eustachio
  5854 | D:6      | Killed Eustachio
  5941 | D:6      | Noticed Grinder
  5949 | D:6      | Killed Grinder
  5949 | D:6      | Reached skill level 6 in Fire Magic
  6097 | D:6      | Got a bloodstained robe
  6147 | D:6      | Found a runed door.
  6196 | D:6      | Found a basalt altar of Yredelemnul.
  6313 | D:6      | Found a sparkling altar of Nemelex Xobeh.
  6397 | D:6      | Found a glowing silver altar of Zin.
  6708 | D:6      | Noticed Crazy Yiuf
  6710 | D:6      | Killed Crazy Yiuf
  6915 | D:7      | Reached XP level 9. HP: 54/57 MP: 12/17
  6938 | D:7      | Reached ** piety under Cheibriados
  7226 | D:7      | Reached skill level 7 in Fire Magic
  7441 | D:7      | Found a shattered altar of Ashenzari.
  7559 | D:7      | Found Qalu's Food Shoppe.
  8079 | D:7      | Identified the cursed +1 robe "Raor" {rPois rF- rN++
                  | Regen+} (You found it on level 6 of the Dungeon)
  8159 | D:8      | Reached *** piety under Cheibriados
  8617 | D:8      | Reached skill level 8 in Fire Magic
  8778 | D:8      | Learned a level 3 spell: Mephitic Cloud
  9015 | D:8      | Reached XP level 10. HP: 54/64 MP: 4/18
  9016 | D:8      | Reached **** piety under Cheibriados
  9165 | D:8      | Reached skill level 1 in Long Blades
  9317 | D:9      | Found a staircase to the Lair.
  9322 | D:9      | Reached skill level 1 in Fighting
  9342 | D:9      | Found a sacrificial altar of Ru.
  9399 | D:9      | Noticed a brown ugly thing
  9411 | D:9      | HP: 1/65 [acid (8)]
  9411 | D:9      | Slain by a crimson imp

Vault maps used:
D:1:      saegor_arrival_simple_e, grunt_decor_arrowhead,
          hangedman_abyss_or_decor_lesser_grid
D:2:      fedhas_altar_1
D:3:      serial_rivers, chequers_serial_rivers_micro_c,
          chequers_serial_rivers_marsh, chequers_serial_rivers_room_a,
          chequers_serial_rivers_micro_d, chequers_serial_rivers_small_3,
          chequers_serial_rivers_micro_d, first_ration
D:4:      serial_shops, shop, lightli_ossuary_entry_decrepit_ruins
D:5:      old_forge, kennysheep_mini_moat, temple_green, uniq_edmund
D:6:      marbit_many_paths, kennysheep_mini, zin_academy, uniq_grinder,
          uniq_crazy_yiuf_cottage, uniq_eustachio
D:7:      cheibrodos_ashenzari_chains, serial_shops, nicolae_shop_trees
D:8:      serial_undead, serial_undead_e, serial_undead_b, serial_undead_d,
          serial_undead_e
D:9:      minmay_the_grid_octo_tiled_squarecenter, old_standard_altar,
          lemuel_blue_sif_altar, lair_entry_dummy, kb_xom_exploding_sheep
Temple:   minmay_temple_curvy_branch
Ossuary:  ossuary_due_mausoleum

Skill      XL: |  1  2  3  4  5  6  7  8  9 10 |
---------------+-------------------------------+-----
Conjurations   | 1 2 3 4 6 7 |  7.6
Spellcasting   | 3 4 5 |  5.6
Fire Magic     | 3 4 5 6 8 |  8.0
Invocations    | 2 4 |  4.5
Long Blades    | 1 |  1.3
Fighting       | 1 |  1.1
Dodging        | |  1.5
Stealth        | |  1.5

Action                   |  1- 3 |  4- 6 |  7- 9 | 10-12 || total
-------------------------+-------+-------+-------+-------++-------
Melee: Hand axe          |    15 |       |       |       ||    15
       Spear             |    20 |    14 |       |       ||    34
       Long sword        |       |    11 |       |       ||    11
       Dagger            |       |    22 |   143 |       ||   165
       Double sword      |       |       |    39 |    20 ||    59
 Cast: Flame Tongue      |    54 |    94 |   186 |    11 ||   345
       Sticky Flame      |       |     1 |    28 |     2 ||    31
       Fireball          |       |       |     1 |       ||     1
  Use: Scroll            |       |     2 |     8 |       ||    10
 Stab: Sleeping          |     2 |     4 |     2 |       ||     8
Armor: Leather armour    |    15 |    30 |    91 |    11 ||   147
       Robe              |     6 |       |       |       ||     6
Dodge: Dodged            |    30 |    51 |   165 |    15 ||   261
       Rpst.: Long sword |       |     6 |       |       ||     6
       Double sword      |       |       |    14 |     4 ||    18

Table legend:
 A = Non-vault XP
 B = Vault XP
 C = Vault XP percentage of total XP
 D = Non-vault monster count
 E = Vault monster count
 F = Vault count percentage of total count
                 A         B        C        D         E       F
            +---------+---------+-------+---------+---------+-------
      Total |    4381 |    1522 |  25.8 |     183 |      32 |  14.9
            +---------+---------+-------+---------+---------+-------
        D:1 |      49 |       0 |   0.0 |      27 |       0 |   0.0
        D:2 |      71 |       0 |   0.0 |      17 |       0 |   0.0
        D:3 |      90 |       0 |   0.0 |      15 |       0 |   0.0
        D:4 |     365 |       0 |   0.0 |      16 |       0 |   0.0
        D:5 |     499 |     412 |  45.2 |      24 |      13 |  35.1
        D:6 |     696 |     501 |  41.9 |      19 |       3 |  13.6
        D:7 |    1584 |       0 |   0.0 |      35 |       0 |   0.0
        D:8 |     925 |     519 |  35.9 |      21 |      10 |  32.3
        D:9 |     102 |      85 |  45.5 |       9 |       1 |  10.0
    Ossuary |       0 |       5 | 100.0 |       0 |       5 | 100.0
            +---------+---------+-------+---------+---------+-------
